 Dungeon Crawl Stone Soup version 0.25.0-1-g7eea58d2a3 (console) character file.

Game seed: 7312529683528557337

73 AlterAsc the Insei (level 4, -1/29 HPs)
             Began as an Octopode Transmuter on June 14, 2020.
             Was an Initiate of Dithmenos.
             Slain by a gnoll (5 damage)
             ... on level 1 of the Dungeon.
             The game lasted 00:05:16 (1754 turns).

AlterAsc the Insei (Octopode Transmuter)            Turns: 1754, Time: 00:05:16

Health: -1/29      AC:  1    Str: 10    XL:     4   Next: 27%
Magic:  5/7        EV: 13    Int: 15    God:    Dithmenos [......]
Gold:   77         SH:  0    Dex: 12    Spells: 4/7 levels left

rFire    . . .     SeeInvis .     - Unarmed
rCold    . . .     Gourm    .   (no shield)
rNeg     . . .     Faith    .   (helmet restricted)
rPois    .         Spirit   .   j - amulet of inaccuracy (curse)
rElec    .         Reflect  .   (no ring)
rCorr    .         Harm     .   (no ring)
MR       .....                  (no ring)
Stlth    ++........             (no ring)
HPRegen  0.09/turn              (no ring)
MPRegen  0.10/turn              (no ring)
                                (no ring)
                                (no ring)

@: no status effects
A: almost no armour, stealthy swim, amphibious, 8 rings, constrict 8, camouflage
1, gelatinous body 1
a: Renounce Religion


You were on level 1 of the Dungeon.
You worshipped Dithmenos.
Dithmenos was noncommittal.
You were very hungry.

You visited 1 branch of the dungeon, and saw 2 of its levels.

You collected 77 gold pieces.

Inventory:

Missiles
 a - 31 arrows
Jewellery
 i - an uncursed amulet of magic regeneration
 j - a cursed amulet of inaccuracy (around mantle)
Scrolls
 b - a scroll of magic mapping {unknown}
 d - 2 scrolls of identify {unknown}
 e - a scroll of enchant armour {unknown}
 h - a scroll of immolation {unknown}
 k - a scroll of remove curse {unknown}
 l - 3 scrolls of teleportation {unknown}
Potions
 f - a potion of stabbing {unknown}
 g - 2 potions of curing
Comestibles
 c - 3 rations


   Skills:
 + Level 2.0 Fighting
 - Level 2.0 Dodging
 + Level 3.5 Unarmed Combat
 - Level 2.0 Spellcasting
 * Level 3.4 Transmutations


You had 4 spell levels left.
You knew the following spells:

 Your Spells              Type           Power        Failure   Level  Hunger
a - Beastly Appendage     Tmut           ##....       5%          1    #......
b - Sticks to Snakes      Tmut           ##......     9%          2    ###....

Your spell library contained the following spells:

 Spells                   Type           Power        Failure   Level  Hunger
 Spider Form              Tmut/Pois      #.........   32%         3    ###....
 Ice Form                 Ice/Tmut       #.......     73%         4    #####..
 Blade Hands              Tmut           ##........   83%         5    ######.


Dungeon Overview and Level Annotations

Branches:
Dungeon (2/15)

Altars:
Dithmenos
Trog

Annotations:
D:2 Robin


Innate Abilities, Weirdness & Mutations

You cannot wear most types of armour.
You are very stealthy in the water. (Stealth+)
You are amphibious.
You can wear up to eight rings at the same time.
You can use your tentacles to constrict eight enemies at once.
Your skin changes colour to match your surroundings (Stealth+).
Your rubbery body absorbs attacks. (AC +1, EV +1)


Message History

Confirm with . or Enter, or press ? or * to list all spells.
You create a snake!
You now have 31 arrows.
The gnoll hits you.
* * * LOW HITPOINT WARNING * * *
You tentacle-slap the gnoll. Your grab misses the gnoll.
The gnoll is almost dead.
The gnoll hits you.
* * * LOW HITPOINT WARNING * * *
What are your orders? t - Shout!
Orders for allies: a - Attack new target. r - Retreat! s - Stop attacking. g - Guard the area. f - Follow me.
Anything else - Cancel.
Gang up on whom?
Press: ? - help, Dir - move target cursor, f - gnoll
Aim: a gnoll (almost dead) Attack!
You are feeling very hungry.
The gnoll hits you.
You die...

....#.#[.#.....#≈#P♣.≈≈≈.♣P#≈#.#
....)....#.....#≈#<..≈8≈..>#≈#.#
....#.......#..#≈#P♣.≈≈≈.♣P#≈#.##
...............#≈#♣♣..≈..♣♣#≈#..#
#..#......#.#..#..♣..♣.♣..♣..#...
#.#..##...#.#..#.......(.....#...
..).###........#.#.#♣♣♣♣♣#.#.#..#
...###)........#'####### ###'#.##
.### #..........@gg....###.....##
.#####..........S#####...........
..#..g...........### ########..##
..g.##.......#.....## #....
..####.......#.###..##########...
..####.......#.####.........##.##
..##........[#...##########....##
####..##......#.................#
##.###..........######....##...


You could see a gnoll, a goblin and a friendly ball python.

Vanquished Creatures
  2 gnolls (D:2)
  A dart slug (D:1)
  A leopard gecko (D:2)
  A ball python (D:1)
  A bat (D:1)
  3 giant cockroaches
  4 goblins
  6 hobgoblins
  3 kobolds (D:1)
  A quokka (D:2)
  2 rats
25 creatures vanquished.

Vanquished Creatures (collateral kills)
  Terence (D:2)
1 creature vanquished.

Grand Total: 26 creatures vanquished

Notes
Turn   | Place    | Note
-------+----------+-------------------------------------------
     0 | D:1      | AlterAsc the Octopode Transmuter began the quest for the
                  | Orb.
     0 | D:1      | Reached XP level 1. HP: 13/13 MP: 3/3
   266 | D:1      | Reached XP level 2. HP: 9/18 MP: 3/5
  1055 | D:2      | Found a bloodstained altar of Trog.
  1116 | D:2      | Noticed Terence
  1136 | D:1      | Learned a level 2 spell: Sticks to Snakes
  1146 | D:2      | Killed Terence
  1146 | D:2      | Reached XP level 3. HP: 23/24 MP: 3/6
  1232 | D:2      | Found a shadowy altar of Dithmenos.
  1257 | D:2      | Became a worshipper of Dithmenos the Shadowed
  1479 | D:2      | Reached XP level 4. HP: 25/29 MP: 5/7
  1538 | D:2      | Noticed Robin
  1754 | D:1      | Slain by a gnoll

Illustrated notes

Levels and vault maps discovered:
D:1:      tarquinn_simple_flora_water_b, layout_rooms, minivault_5
D:2:      layout_loops_corners, kennysheep_slug_shrine,
          nicolae_dithmenos_shadow_blocks, nicolae_overflow_crystal_walls,
          uniq_terence, uniq_robin

Skill      XL: |  1  2  3 |
---------------+----------+-----
Transmutations | 3 |  3.4
Fighting       | 2 |  2.0
Dodging        | |  2.0
Unarmed Combat | |  3.5
Spellcasting   | |  2.0

Action                   |  1- 3 |  4- 6 || total
-------------------------+-------+-------++-------
Melee: Unarmed           |    53 |    23 ||    76
       Constrict         |    18 |     3 ||    21
       Tentacles         |    10 |     3 ||    13
       Kick              |     9 |     1 ||    10
       Punch             |     2 |       ||     2
 Cast: Beastly Appendage |    11 |     1 ||    12
       Sticks to Snakes  |     2 |     1 ||     3
 Stab: Sleeping          |     4 |       ||     4
       Distracted        |     1 |       ||     1
  Eat: Chunk             |     2 |       ||     2
Armor: Skin              |     1 |     2 ||     3
Dodge: Dodged            |    29 |    14 ||    43
